 Dungeon Crawl Stone Soup version 0.32-a0-886-g41c5271027 (webtiles) character file.

Game seed: 13009152055213191091

73 Lanoc the Chopper (level 4, -14/34 HPs)
             Began as a Coglin Gladiator on Apr 2, 2024.
             Was an Initiate of Okawaru.
             Killed by divine providence
             ... invoked by an orc priest
              (16 damage)
             ... on level 4 of the Dungeon.
             The game lasted 00:02:16 (1803 turns).

Lanoc the Chopper (Coglin Gladiator)                Turns: 1803, Time: 00:02:17

Health: -14/34     AC:  4    Str: 16    XL:     4   Next: 27%
Magic:  4/4        EV: 11    Int:  7    God:    Okawaru [......]
Gold:   185        SH:  0    Dex: 16    Spells: 3/3 levels left

rFire   . . .        a - +0 war axe {Hamal}
rCold   . . .        n - +0 war axe {Lucía}
rNeg    . . .        b - +0 leather armour
rPois   .            c - +0 helmet
rElec   .            (no cloak)
rCorr   .            (no gloves)
SInv    .            (no boots)
Will    .....        (amulet unavailable)
Stlth   +            (ring unavailable)
HPRegen 0.25/turn    (ring unavailable)
MPRegen 0.09/turn    (no gizmo)

%: no passive effects
@: revved
A: off-hand wielding, slow wielding, warmup strikes, no jewellery
a: Invent Gizmo, Renounce Religion


You were on level 4 of the Dungeon.
You worshipped Okawaru.
Okawaru was noncommittal.
You visited 2 branches of the dungeon, and saw 5 of its levels.

You collected 185 gold pieces.

Inventory:

Hand Weapons
 a - a +0 war axe (weapon) {Hamal}
 n - a +0 war axe (offhand) {Lucía}
Missiles
 d - 5 throwing nets (quivered)
 e - a javelin
Armour
 b - a +0 leather armour (worn)
 c - a +0 helmet (worn)
Wands
 r - a wand of warping (15)
Scrolls
 f - a scroll of immolation {unknown}
 g - 2 scrolls of enchant weapon {unknown}
 i - 2 scrolls of teleportation {unknown}
 l - a scroll of fog {unknown}
 p - a scroll of identify {unknown}
 s - 2 scrolls of enchant armour {unknown}
 t - a scroll of silence {unknown}
 v - a scroll of fear {unknown}
Potions
 h - 3 potions of enlightenment {unknown}
 j - 4 potions of curing {unknown}
 k - a potion of heal wounds {unknown}
 m - a potion of brilliance {unknown}
 o - a potion of mutation {unknown}
 q - a potion of lignification {unknown}
 u - a potion of invisibility {unknown}


   Skills:
 + Level 2.6 Fighting
 * Level 3.9 Axes
 - Level 1.7 Throwing
 + Level 1.2 Armour
 + Level 3.1 Dodging


You had 3 spell levels left.
You didn't know any spells.
Your spell library contained the following spells:

 Spells                   Type           Power      Damage    Failure   Level
 Mercury Vapours          Alch/Air       0%         N/A       65%         2
 Sublimation of Blood     Necr           0%         N/A       65%         2
 Mephitic Cloud           Conj/Alch/Air  0%         N/A       86%         3
 Sigil of Binding         Hex            0%         N/A       86%         3
 Dimensional Bullseye     Hex/Tloc       0%         N/A       99%         4
 Freezing Cloud           Conj/Ice/Air   0%         6-21      100%        5
 Call Imp                 Summ           Unusable   N/A       N/A         2
 Call Canine Familiar     Summ           Unusable   N/A       N/A         3
 Summon Hydra             Summ           Unusable   N/A       N/A         7

Dungeon Overview and Level Annotations

Branches:
Dungeon (4/15)             Temple (1/1) D:4

Altars:
Cheibriados
Fedhas
Hepliaklqana
Okawaru
Ru
Trog
Vehumet
Yredelemnul
Zin
The Shining One


Innate Abilities, Weirdness & Mutations

You can wield a second weapon in your off-hand.
It takes a long time for you to wield or remove held weapons.
Your first few attacks do less damage.
You cannot equip rings or amulets.


Message History

You completely miss the orc priest with your +0 war axe.
You hit the orc wizard but do no damage.
An endoplasm comes into view.
The orc priest mumbles some strange prayers to Beogh against you.
You barely resist. The orc wizard barely misses you.
The orc priest completely misses you.
The orc wizard gestures at you while chanting.
The puff of flame hits you!
You closely miss the orc wizard with your +0 war axe.
The orc wizard is moderately wounded.
You closely miss the orc priest with your +0 war axe.
You hit the orc wizard but do no damage.
You closely miss the orc priest with your +0 war axe.
The orc priest closely misses you.
The orc wizard hits you with a +2 dagger of flaming.
The orc wizard burns you.
You hit the orc wizard with your +0 war axe.
The orc wizard is moderately wounded.
You hit the orc priest with your +0 war axe.
You hit the orc wizard but do no damage.
You closely miss the orc priest with your +0 war axe.
The orc priest closely misses you.
The orc wizard hits you with a +2 dagger of flaming.
The orc wizard burns you.
You hit the orc wizard with your +0 war axe.
The orc wizard is heavily wounded.
You closely miss the orc priest with your +0 war axe.
You hit the orc wizard with your +0 war axe.
You kill the orc wizard!
Okawaru accepts your kill.
You hit the orc priest with your +0 war axe.
The orc priest invokes the aid of Beogh against you.
Beogh smites you!
* * * LOW HITPOINT WARNING * * *
The orc wizard casts a spell at you. The magic dart hits you.
* * * LOW HITPOINT WARNING * * *
The orc priest mumbles some strange prayers to Beogh against you.
Beogh smites you!
You die...

#############
##
#.........@o#
.#
#)#########o#
.######.# J..
........#######
...#
....###........
.....
....###.#####.#
...#..
.[..........#.
...#..#
..............#
.### .#
........###...#


You could see an orc priest, an orc wizard and an endoplasm.

Vanquished Creatures
  An orc wizard (D:4)
  Robin (D:3)
  3 endoplasms
  2 giant cockroaches
  15 goblins
  9 hobgoblins
  3 jackals (D:1)
  6 kobolds
  A quokka (D:1)
  3 ball pythons
  3 bats
  A frilled lizard (D:1)
  5 rats
53 creatures vanquished.

Notes
Turn   | Place    | Note
-------+----------+-------------------------------------------
     0 | D:1      | Lanoc the Coglin Gladiator began the quest for the Orb.
     0 | D:1      | Reached XP level 1. HP: 16/16 MP: 1/1
   148 | D:1      | Reached XP level 2. HP: 6/22 MP: 2/2
   527 | D:1      | Reached XP level 3. HP: 27/27 MP: 3/3
   633 | D:2      | Found a glowing golden altar of the Shining One.
   934 | D:2      | Reached skill level 1 in Armour
  1065 | D:3      | Found a faded altar of an unknown god.
  1250 | D:3      | Noticed Robin
  1260 | D:3      | Reached XP level 4. HP: 9/34 MP: 4/4
  1261 | D:3      | Killed Robin
  1669 | D:4      | Found a staircase to the Ecumenical Temple.
  1680 | Temple   | Entered the Ecumenical Temple
  1717 | Temple   | Became a worshipper of Warmaster Okawaru
  1803 | D:4      | Killed from afar by an orc priest

Illustrated notes

Levels and vault maps discovered:
D:1:      dpeg_arrival_three_smaller_balls, layout_rooms
D:2:      layout_rooms, basic_altar, minmay_misc_feat_chi
D:3:      layout_basic, basic_ecumenical_altar, minmay_misc_feat_diagonals,
          uniq_robin
D:4:      layout_loops_ring, minmay_temple_entry_statues_pillars,
          hangedman_abyss_or_decor_stagger
Temple:   cyrus_temple_forest

Skill      XL: |  1  2  3 |
---------------+----------+-----
Dodging        | 3 |  3.1
Armour         | 1 |  1.2
Fighting       | |  2.6
Axes           | |  3.9
Throwing       | |  1.7

Action                     |  1- 3 |  4- 6 || total
---------------------------+-------+-------++-------
  Melee: War axe           |    72 |    16 ||    88
         Dagger            |    15 |       ||    15
         Short sword       |    21 |       ||    21
 Armour: Leather armour    |    47 |     7 ||    54
  Dodge: Dodged            |    43 |     7 ||    50

Table legend: (Time is in decaauts)
 A = Elapsed time spent in this place.
 B = Non-inter-level travel time spent in this place.
 C = Inter-level travel time spent in this place.
 D = Time resting spent in this place.
 E = Time spent auto-exploring this place.
 F = Levels seen in this place.
 G = Mean time per level.
                   A        B        C        D        E       F      G
               +--------+--------+--------+--------+--------+-----+--------+
         Total |   1819 |   1695 |    124 |      0 |   1349 |   5 |  363.8 |
       Dungeon |   1753 |   1656 |     97 |      0 |   1349 |   4 |  438.2 |
        Temple |     65 |     38 |     27 |      0 |      0 |   1 |   65.0 |
               +--------+--------+--------+--------+--------+-----+--------+

Top non-repeatable levels by time:
     D:3: 622 daAuts
     D:1: 621 daAuts
     D:2: 421 daAuts
     D:4: 88 daAuts
  Temple: 65 daAuts
